[Event "24th Hoogeschool Zeeland 2022"]
[Site "Vlissingen"]
[Date "2022.08.10"]
[Round "6.2"]
[White "Ikonnikov, Vyacheslav"]
[Black "Van den Doel, Erik"]
[Result "1/2-1/2"]
[ECO "D23"]
[WhiteElo "2493"]
[BlackElo "2589"]
[Annotator "TA"]
[PlyCount "90"]
[EventDate "2022.08.05"]
[EventType "swiss"]
[EventCountry "NED"]
[SourceTitle "playchess.com"]
[Source "ChessBase"]
[SourceQuality "1"]
[TimeControl "40/5400+30:1800+30"]

1. d4 d5 2. Nf3 Nf6 3. c4 c6 4. Qb3 dxc4 5. Qxc4 Bf5 6. g3 e6 7. Bg2 Be7 8. O-O {[%emt 0:00:22] D23: Queen's Gambit Accepted: 3 Nf3 Nf6 sidelines.} O-O 9. e3 Nbd7 10. Qe2 $1 {[%emt 0:01:38] 10.Qe2 is better than 10.Rd1.} Rc8 11. Nc3 b5 12. e4 Bg6 13. e5 Ne8 {[%emt 0:11:56][%cal Bf6e8,Be8c7,Bc7d5][%mdl 32] [#]} 14. Rd1 $146 ({Predecessor:} 14. Be3 b4 15. Na4 Qa5 16. b3 Nc7 17. Nd2 Nd5 18. Rac1 Rfd8 19. h4 h6 20. Be4 Bxe4 21. Nxe4 {1-0 (59) Ippolito,D (2385)-Krush,I (2380) New York 2001}) 14... Nc7 15. Ne1 b4 $1 16. Ne4 Nd5 17. h4 h6 18. Nd3 c5 (18... Qb6 {feels hotter.} 19. Be3 Qb5 20. Qf3 Nxe3 21. Qxe3 c5) 19. Nexc5 (19. Nf4 $1 $14) 19... Nxc5 $11 20. dxc5 Bxc5 21. Nxc5 Rxc5 22. Be3 Rc2 23. Qa6 Rxb2 24. Rac1 Bh5 25. Bd4 {[%emt 0:03:59] A strong pair of Bishops.} Bxd1 26. Bxb2 Bh5 27. Qxa7 Qa8 28. Qd4 Qxa2 29. g4 ({Much weaker is} 29. Bxd5 Qxd5 30. Qxd5 (30. Qxb4 Bf3 $15) 30... exd5 $11) 29... Bg6 $1 30. Bxd5 (30. Rc4 {is interesting.} Qb1+ 31. Kh2 b3 32. h5) 30... Qxd5 31. Qxd5 exd5 {[%emt 0:00:04][%mdl 4096] Endgame KRB-KRB} 32. Rc7 d4 {[%emt 0:02:34] ...Rd8 is the strong threat.} 33. h5 Be4 {[%emt 0:00:46] [#] Threatens to win with ...Rd8.} 34. e6 Bf3 (34... d3 $15) 35. e7 $1 {[%emt 0:01:10] The position is equal.} (35. Bxd4 f6 $17) 35... Re8 {[%emt 0:00:13] White should prevent ...d3.} 36. Rd7 $1 b3 (36... Bxg4 $2 37. Rd8 Bd7 38. Rxd7 $18) 37. Rd8 Bc6 38. Bxd4 f6 39. Bb2 Kf7 40. Ba3 Bf3 ({But not} 40... Rxe7 41. Bxe7 Kxe7 42. Rb8 $16) 41. Rd4 b2 42. Bxb2 Rxe7 43. Rf4 Re1+ 44. Kh2 Bd5 45. Bd4 Re4 {[%emt 0:00:47] Weighted Error Value: White=0.05 (flawless) /Black=0.05 (flawless)} 1/2-1/2

[Event "24th Hoogeschool Zeeland 2022"]
[Site "Vlissingen"]
[Date "2022.08.10"]
[Round "6.3"]
[White "Baklan, Vladimir"]
[Black "Vrolijk, Liam"]
[Result "1/2-1/2"]
[ECO "C78"]
[WhiteElo "2589"]
[BlackElo "2464"]
[Annotator "TA"]
[PlyCount "63"]
[EventDate "2022.08.05"]
[EventType "swiss"]
[EventCountry "NED"]
[SourceTitle "playchess.com"]
[Source "ChessBase"]
[SourceQuality "1"]
[TimeControl "40/5400+30:1800+30"]

1. e4 e5 2. Nf3 Nc6 3. Bb5 a6 4. Ba4 Nf6 5. O-O b5 6. Bb3 Bc5 7. a4 Rb8 8. axb5 axb5 {[%emt 0:00:09] [#]} 9. Nxe5 $1 {[%emt 0:00:26] The main line 9.Nxe5 scores better than 9.c3. C78: Ruy Lopez: Archangelsk and Möller Defences.} Nxe5 10. d4 Bxd4 11. Qxd4 d6 12. f4 Nc6 13. Qd3 O-O 14. Nc3 Nb4 15. Qd2 Qe7 {[%emt 0:02:02] Prevents e5.} 16. e5 dxe5 17. fxe5 Qxe5 {[%emt 0:01:10] [#]} 18. Qf4 $146 ({Predecessor:} 18. Qf2 Qh5 19. Bf4 Nbd5 20. Nxd5 Nxd5 21. Bg3 Be6 22. Rae1 Qg6 23. Qc5 Rbd8 24. Qxb5 {1-0 (52) Ziaziulkina,N (2363)-Hoare,A (1930) Budva 2013}) 18... Qe7 19. Qh4 Nbd5 20. Nxd5 Nxd5 21. Qxe7 Nxe7 22. Bf4 Be6 23. Bxc7 {[%emt 0:00:55] [#] Hoping for Bxe6.} Rb7 24. Bxe6 {[%emt 0:00:36][%cal Of1f7] aiming for Rxf7!} fxe6 25. Rxf8+ Kxf8 $11 {[%emt 0:00:07][%mdl 4096] Endgame KRB-KRN} 26. Be5 Nc6 27. Bd6+ Ke8 28. Bc5 Rd7 29. b4 Rd2 {[%emt 0:01:44] The position is equal.} 30. Ra6 Kd7 31. Rb6 Kc7 32. Rxb5 {[%emt 0:01:46] An interesting draw.  Weighted Error Value: White=0.03 (flawless) /Black=0.01 (flawless)} 1/2-1/2

[Event "24th Hoogeschool Zeeland 2022"]
[Site "Vlissingen"]
[Date "2022.08.10"]
[Round "6.4"]
[White "Lalith Babu M R"]
[Black "Grutter, Tim"]
[Result "1-0"]
[ECO "E90"]
[WhiteElo "2549"]
[BlackElo "2246"]
[Annotator "TA"]
[PlyCount "121"]
[EventDate "2022.08.05"]
[EventType "swiss"]
[EventCountry "NED"]
[SourceTitle "playchess.com"]
[Source "ChessBase"]
[SourceQuality "1"]
[TimeControl "40/5400+30:1800+30"]

1. d4 Nf6 2. c4 g6 3. Nc3 Bg7 4. e4 d6 5. Nf3 O-O 6. h3 e5 7. d5 Nh5 8. g3 {[%emt 0:00:09] E90: King's Indian: Classical: Early deviations and 6 h3.} Na6 9. Be3 f5 10. exf5 $1 {[%emt 0:00:09] White is slightly better.} gxf5 11. Nh4 Nf6 12. Bd3 e4 13. Be2 Nd7 14. Ng2 Ne5 (14... Bxc3+ $5 15. bxc3 Ne5 $11) 15. Nf4 Nc5 16. Qc2 a5 (16... a6 $11 {is superior.}) 17. O-O-O $16 b6 {[%emt 0:08:23] [#]} 18. g4 $146 ({White should play} 18. Kb1 $16) ({Predecessor:} 18. Kb1 Qe7 19. Rdg1 Ncd3 20. Bd4 Nxf4 21. gxf4 Ng6 22. Bxg7 Kxg7 23. h4 Kh8 24. Qd2 {1-0 (30) Leutwyler,M (2200)-Everett,E (2190) Austria 2018}) 18... Qe7 (18... a4 $11) 19. Rhg1 (19. Kb1 $16) 19... fxg4 20. hxg4 a4 21. a3 Ba6 22. Bxc5 (22. Nxe4 $14 Nxc4 23. Bxc4 Qxe4 24. Qxe4 Nxe4 25. Bxa6 Rxa6 26. Ne6) 22... bxc5 $11 (22... Rxf4 23. Be3 Nd3+ 24. Kb1 $14) 23. Ne6 {[%emt 0:00:24] Pair of Knights!} (23. Qxe4 $2 Qg5 24. Rh1 Qxf4+ $19) 23... Bxc4 24. Qxe4 Bxe2 25. Qxe2 c4 26. f4 (26. Nxf8 $16 {Black must now prevent Ne6.} Rxf8 27. Kb1) 26... Nd3+ 27. Rxd3 cxd3 28. Qxd3 Rfb8 29. Rh1 $36 {[%emt 0:00:37][%mdl 2048] White is pushing.} Bxc3 30. bxc3 (30. Qxc3 Rb3 31. Qe1 (31. Qxc7 $2 Qxc7+ 32. Nxc7 Rc8 $19) 31... Rab8 $11) 30... Ra7 31. g5 (31. Ng5 $6 Rab7 32. Qxh7+ Qxh7 33. Rxh7 Rb1+ 34. Kd2 R8b2+ 35. Ke3 Re1+ 36. Kf3 Rf1+ 37. Ke3 Re1+ 38. Kf3 Rf1+ 39. Ke3 Re1+ $11) (31. Rh6 $1 $16 {Strongly threatening g5.} Rab7 32. g5 Rb1+ 33. Qxb1 Rxb1+ 34. Kxb1) 31... Rab7 (31... c5 $1 $11 32. Kd2 Qb7) 32. Rh6 $1 $16 {[%emt 0:00:22][%mdl 1024] White has strong compensation. 0x0.002360e111b0dp-1022s more active pieces.} Rb1+ 33. Kd2 $1 {[%emt 0:01:34][%cal Bc1d2,Bd2e2,Be2f2,Bf2g3,Bg3f3][%mdl 32] g6 is the strong threat.} (33. Qxb1 $6 Rxb1+ 34. Kxb1 Qe8 $11) 33... Rg1 $1 {[%emt 0:03:36] Hoping for ...Rb2+.} 34. Ke2 $1 Rbb1 (34... Qf7 $16) 35. Rf6 $1 $18 Rh1 (35... Qe8 $2 36. Rf8+ Qxf8 37. Nxf8 Rbe1+ 38. Kf2 Kxf8 39. Qxh7 Ref1+ 40. Ke2 Rxf4 41. Qxc7 Re4+ 42. Kd3 $18) 36. Kf2 $1 (36. Rf8+ $2 Qxf8 37. Nxf8 Rb2+ 38. Kf3 Rh3+ 39. Ke4 Rxd3 $19) 36... Rb2+ (36... Rhd1 {might work better.} 37. Qe2 Rh1) 37. Kg3 {[%emt 0:00:06] And now Rf8+ would win.} Rg1+ (37... Rb8 $142 38. Qd4 Rc1) 38. Kf3 {[%emt 0:00:05] aiming for Rf8+.} Rb8 {[%emt 0:00:48] Against Rf8+} 39. Qd4 $1 {[%emt 0:04:26][%csl LRa4,LRg1] The board is on fire.} Rc1 (39... Rf1+ 40. Kg4 Rc1) 40. g6 {[%emt 0:02:18] Rf7 would kill now.} Rxc3+ 41. Qxc3 {[%emt 0:19:25] Intending Kg2 and mate.} Rb3 42. gxh7+ $2 (42. Rf8+ $1 $18 Qxf8 43. gxh7+ (43. Qxb3 $2 axb3 44. gxh7+ Kh8 $19) 43... Kxh7 44. Nxf8+ Kg8 45. Qe3 $1 (45. Qxb3 $2 axb3 46. Ne6 b2 $19) 45... Kxf8 46. Ke4 Rxe3+ 47. Kxe3) 42... Kxh7 $11 43. Ng5+ Kg8 44. Rg6+ Kf8 45. Ne6+ Ke8 $2 {[%emt 0:09:34][%mdl 8192] [#] White stays focused until the end.} (45... Qxe6 $11 46. Rxe6 Rxc3+ 47. Re3 Rc4) 46. Rg8+ $1 $18 Kd7 47. Nf8+ Qxf8 48. Qxb3 $1 Qxg8 49. Qxa4+ {[%emt 0:00:07][%mdl 4096] Endgame KQ-KQ} Ke7 50. Qe4+ Kd8 51. Qf5 {[%emt 0:00:33] White wants to mate with Qg5+.} Qh8 52. Kg4 Qa1 53. Kg5 {[%emt 0:01:45] Threatening mate with Qf6+.} Qxa3 54. Kg6 Qb3 55. Kg7 Qc4 56. Qf8+ Kd7 57. Qf7+ Kc8 58. Qe8+ Kb7 59. Qc6+ {[%emt 0:00:03] White mates.} Qxc6 60. dxc6+ Kxc6 61. f5 {[%emt 0:00:01] Weighted Error Value: White=0.17 (very precise) /Black=0.54} 1-0

[Event "24th Hoogeschool Zeeland 2022"]
[Site "Vlissingen"]
[Date "2022.08.10"]
[Round "6.5"]
[White "Ollenberger, Roland"]
[Black "Harsha Bharathakoti"]
[Result "0-1"]
[ECO "B31"]
[WhiteElo "2264"]
[BlackElo "2547"]
[Annotator "TA"]
[PlyCount "122"]
[EventDate "2022.08.05"]
[EventType "swiss"]
[EventCountry "NED"]
[SourceTitle "playchess.com"]
[Source "ChessBase"]
[SourceQuality "1"]
[TimeControl "40/5400+30:1800+30"]

1. e4 c5 2. Nf3 Nc6 3. Bb5 g6 4. O-O Bg7 5. Nc3 e5 6. Bxc6 bxc6 7. d3 d6 {[%emt 0:00:46] B31: Sicilian: 2...Nc6 3 Bb5 g6.} 8. Ne2 Ne7 9. c3 O-O {[%emt 0:15:34] [#] Black is slightly better.} 10. a3 $146 ({Predecessor:} 10. d4 cxd4 11. cxd4 exd4 12. Nfxd4 Ba6 13. Be3 c5 14. Nf3 Bxb2 15. Rb1 Bg7 16. Qc2 {1-0 (36) Tamarozi,I (1981)-Hansen,S (2269) Chess.com INT 2020}) 10... f5 11. b4 c4 12. dxc4 fxe4 13. Nd2 Be6 14. Ng3 $1 d5 15. Nb3 Nf5 16. Nc5 Bf7 17. cxd5 cxd5 18. Qg4 (18. c4 $5) 18... Nd6 19. Bg5 Qc8 20. Qh4 Nc4 21. Bh6 Qd8 22. Bg5 Qc7 23. Bh6 Bxh6 24. Qxh6 a5 25. h4 Qe7 26. h5 Rad8 27. f4 {[%emt 0:04:07] [#] Black must now prevent hxg6.} Qh4 (27... Ne3 $15 28. hxg6 Bxg6) 28. Qg5 (28. Ne2 $1 $11 {was the only way to keep the balance.}) 28... Qxg5 $17 29. fxg5 gxh5 (29... e3 $17 30. hxg6 hxg6) 30. Nf5 $11 {[%emt 0:00:38] Pair of Knights!} Kh8 31. Rae1 (31. Nh6 $11 Bg6 32. Ne6 Rxf1+ 33. Rxf1) 31... axb4 32. axb4 Bg8 33. Rf2 Ra8 34. Nd7 Rfd8 $36 {[%emt 0:01:03][%mdl 2048] Black fights for an advantage.} 35. Nf6 Be6 36. Ne3 Nxe3 37. Rxe3 Ra3 38. Rd2 Rc8 {[%emt 0:00:29] [#] ...d4 is the strong threat.} (38... Rda8 $5 39. Ree2 (39. Nxd5 Rd8 $17) 39... d4 40. Nxe4 (40. cxd4 $2 e3 $19) 40... Bc4 $17) 39. Nxd5 {[%emt 0:00:30] This costs White the game.} (39. Kf2 $1 $15) 39... Rd8 $19 40. Rxe4 {[%emt 0:00:23] Hoping for c4.} Rxd5 ({Weaker is} 40... Bxd5 41. Rxe5 Rxc3 42. Rexd5 (42. Rdxd5 Rxd5 43. Rxd5 Kg7 $14) 42... Rxd5 43. Rxd5 $14) 41. Rxd5 Bxd5 42. Rxe5 {[%emt 0:00:07][%mdl 4096] Endgame KRB-KR} Ba8 43. Re7 Ra2 44. g3 Bd5 {[%emt 0:00:00] Strongly threatening ...Rg2+.} 45. Rd7 Be6 46. Re7 Bf5 47. c4 (47. Rc7 $142) 47... Rb2 48. Rb7 Be4 49. Rb8+ Kg7 {[%emt 0:00:00] Threatens to win with ...Rg2+.} 50. c5 Rg2+ 51. Kf1 (51. Kh1 $142 Kf7 52. Rb6) 51... Rxg3 {[%emt 0:00:00] aiming for ...h4.} 52. b5 h4 53. Re8 Bd3+ 54. Kf2 Bxb5 55. Re7+ Kg6 56. c6 Rxg5 (56... Rc3 $142 57. c7 Bd3 58. Ke3 Bf5+ 59. Kf2 Kxg5 60. c8=B Rxc8 61. Ke3 h3 62. Rg7+ Bg6 63. Ra7 h2 64. Ra5+ Bf5 65. Ra1 Re8+ 66. Kd4 Be4 67. Ra5+ Kg4 68. Ra1 h1=Q 69. Rxh1 Bxh1 70. Kc4 Rc8+ 71. Kd3 h5 72. Kd4 Kf4 73. Kd3 h4 74. Kd2 Bf3 75. Kd3 h3 76. Kd2 h2 77. Ke1 h1=Q+ 78. Kf2 Rc2#) 57. c7 Rc5 {[%emt 0:00:00] ( -> ...Bd3)} 58. Kg2 Bd3 {[%emt 0:00:00] Black mates.} 59. Kh3 Bf5+ 60. Kxh4 Rc3 61. c8=Q Rh3# {[%emt 0:00:00] Weighted Error Value: White=0.70/Black=0.23 (precise)} 0-1

[Event "24th Hoogeschool Zeeland 2022"]
[Site "Vlissingen"]
[Date "2022.08.10"]
[Round "6.6"]
[White "Van der Kaap, Jos"]
[Black "Beerdsen, Thomas"]
[Result "0-1"]
[ECO "A45"]
[WhiteElo "2187"]
[BlackElo "2500"]
[Annotator "TA"]
[PlyCount "70"]
[EventDate "2022.08.05"]
[EventType "swiss"]
[EventCountry "NED"]
[SourceTitle "playchess.com"]
[Source "ChessBase"]
[SourceQuality "1"]
[TimeControl "40/5400+30:1800+30"]

1. d4 Nf6 2. Bf4 c6 3. e3 Qb6 4. b3 g6 5. Nf3 d6 6. h3 {[%emt 0:02:46] A45: Trompowsky Attack.} Bg7 7. Be2 c5 8. O-O O-O 9. c4 Nc6 {[%emt 0:13:12] [#] Strongly threatening ...Nh5.} 10. Nc3 $1 {[%emt 0:00:00] [#]} Bf5 $146 ({Predecessor:} 10... Nd7 11. Rc1 cxd4 12. Na4 Qa5 13. exd4 e5 14. Bd2 Qd8 15. d5 Ne7 16. Bb4 Nb6 17. Nxb6 axb6 {½-½ (24) Guerrero Olmos,S (2184)-Gonzalez Gonzalez,H (2039) Aviles 2002}) 11. Rc1 Ne4 12. Nxe4 (12. Nd5 $5 Qd8 13. dxc5 $11) 12... Bxe4 13. Nd2 {[%emt 0:00:00] [#] And now dxc5 would win.} Bf5 14. e4 Bd7 15. dxc5 Qxc5 (15... dxc5 $15 16. Nf3 Rad8) 16. Nf3 Rfd8 17. Bd3 a5 18. Be3 ({White should try} 18. a4) 18... Qb4 ({Better is} 18... Qa3 $1 $11) 19. c5 a4 20. cxd6 Qxd6 21. Bb6 Rdc8 {[%emt 0:01:38] White must now prevent ...Nb4.} 22. Bc5 Qc7 23. bxa4 Bh6 24. Rb1 Be6 25. a3 Ne5 26. Bb6 Nxf3+ 27. Qxf3 Qc3 28. a5 Qxa3 29. Ra1 (29. e5 $5 ) 29... Qc3 30. Be2 (30. e5 $5 ) 30... Qe5 {[%emt 0:00:48] Threatens to win with ...Rc3. The position is equal.} 31. Rfd1 Bd2 32. Qa3 Bc3 33. Rac1 {[%emt 0:00:40] f4 is the strong threat.} Qf6 (33... Qxe4 $2 34. Bf3 Qe5 35. Bxb7 $18) (33... Bxa5 $2 34. Rxc8+ Rxc8 35. Bxa5 $18) 34. Rd3 Bb2 35. Rxc8+ Rxc8 {[%emt 0:00:04][%mdl 32768] Weighted Error Value: White=0.12 (very precise) /Black=0.15 (very precise) . Loss on time!?} 0-1

[Event "24th Hoogeschool Zeeland 2022"]
[Site "Vlissingen"]
[Date "2022.08.10"]
[Round "6.7"]
[White "Schoppen, Casper"]
[Black "Stillger, Bernhard"]
[Result "1/2-1/2"]
[ECO "C10"]
[WhiteElo "2507"]
[BlackElo "2245"]
[Annotator "TA"]
[PlyCount "83"]
[EventDate "2022.08.05"]
[EventType "swiss"]
[EventCountry "NED"]
[SourceTitle "playchess.com"]
[Source "ChessBase"]
[SourceQuality "1"]
[TimeControl "40/5400+30:1800+30"]

1. e4 e6 2. d4 d5 3. Nc3 Nc6 4. e5 a6 5. f4 Nh6 6. Nf3 {[%emt 0:01:34] C10: French with 3 Nc3: Unusual Black 3rd moves and 3...dxe4.} Nf5 7. Ne2 b6 8. c3 {[%emt 0:03:56] [#] White is slightly better.} h5 $146 ({Predecessor:} 8... a5 9. g3 Ba6 10. Bh3 h5 11. O-O Be7 12. Qc2 g6 13. Re1 Qd7 14. b3 a4 {0-1 (55) Haufe,L (2026)-Kersten,U (2252) Playchess.com INT 2020}) 9. Neg1 Nce7 10. Bd3 c5 11. Ne2 Bd7 12. a4 g6 13. O-O Nc6 14. Ng3 Be7 (14... Nxg3 $11 15. hxg3 c4) 15. Nxf5 $14 gxf5 16. Be2 c4 17. b3 Na5 18. bxc4 Nxc4 19. Ng5 h4 20. Rf3 b5 21. Rh3 (21. a5 $5) 21... bxa4 22. Qe1 Bxg5 (22... Qa5 $11) 23. fxg5 $16 Bc6 24. g3 (24. Rxh4 $142 Rxh4 25. Qxh4) 24... Rb8 (24... Na5 $142) 25. gxh4 Rb3 (25... Na5 $16 {keeps fighting.}) 26. Bd1 ({White should try} 26. h5 $18) 26... Qb6 {[%emt 0:00:53] aiming for ...Rb1.} 27. Bc2 {[%emt 0:00:36] Against Rb1} (27. Bxb3 $6 axb3 28. h5 Kd7 $14) 27... a3 28. Bxb3 Qxb3 29. Qe2 ({Better is} 29. h5 $1 $18) 29... Bb5 30. Kg2 $1 f4 31. Qf2 {[%emt 0:02:16][%cal Oc1a3] Against Ne3+} (31. Bxf4 Ne3+ $1 32. Qxe3 Qb2+ 33. Kg1 (33. Qf2 $2 Qxa1 34. c4 dxc4 $19) 33... Qxa1+ 34. Qc1 Qxc1+ 35. Bxc1 a2 $19) 31... Qd1 32. Rf3 {[%emt 0:00:51][%mdl 8192] Prevents Ne3+.} (32. Qxf4 $16 Qe2+ 33. Qf2 Qe4+ 34. Rf3 (34. Kg1 Qg4+ 35. Qg2 Qd1+ 36. Qf1 Qxf1+ 37. Kxf1 Nd2+ 38. Kf2 Nb3 $14)) 32... Ne3+ $1 $19 33. Bxe3 Qxa1 34. Rxf4 Qd1 $2 (34... Qb1 $19 {has better winning chances.} 35. c4 a2 36. cxb5 a1=Q 37. bxa6 Qxa6) 35. Qa2 $2 (35. Kg3 $17) 35... Bd3 {[%emt 0:01:06] ...Qe1 is the strong threat.} 36. Qxa3 {[%emt 0:00:26] [#]} Qe2+ $2 (36... Be4+ $1 $19 37. Kf2 {[#]} Rxh4 $3 38. Rxh4 Qf3+ 39. Ke1 Qxe3+ 40. Kd1 Bf3+ 41. Kc2 Qf2+ 42. Kb3 Bd1+ 43. Kb4 Qxh4 44. Qxa6 Qxg5 45. Qc8+ Qd8) 37. Bf2 $11 Be4+ 38. Rxe4 $1 Qxe4+ 39. Kg1 Qb1+ 40. Kg2 Qe4+ {[%emt 0:00:09][%mdl 1024] Black has compensation.} 41. Kg1 Qb1+ 42. Kg2 {[%emt 0:00:10] Quite a comeback for White.  Weighted Error Value: White=0.52/Black=0.49} 1/2-1/2

[Event "24th Hoogeschool Zeeland 2022"]
[Site "Vlissingen"]
[Date "2022.08.10"]
[Round "6.8"]
[White "Leenhouts, Koen"]
[Black "Nieuwelink, Kees"]
[Result "1-0"]
[ECO "A88"]
[WhiteElo "2442"]
[BlackElo "2200"]
[Annotator "TA"]
[PlyCount "65"]
[EventDate "2022.08.05"]
[EventType "swiss"]
[EventCountry "NED"]
[SourceTitle "playchess.com"]
[Source "ChessBase"]
[SourceQuality "1"]
[TimeControl "40/5400+30:1800+30"]

1. d4 f5 2. c4 Nf6 3. Nf3 d6 4. g3 g6 5. Bg2 Bg7 6. O-O O-O 7. Nc3 c6 8. d5 e5 9. dxe6 Bxe6 10. b3 Na6 11. Ng5 Re8 {[%emt 0:00:42] A88: Dutch Defence: Leningrad System: 5 Nf3 0-0 6 0-0 d6 7 Nc3 c6.} 12. Nxe6 Rxe6 13. Bb2 {[%emt 0:00:11] [#]} (13. b4 {is more complex.} Ng4 14. Bd2 Qd7 15. Qb3) 13... Qe7 $146 {[%emt 0:06:05] The position is equal.} ({Predecessor:} 13... Nc5 14. Qc2 Qc7 15. Rad1 Rae8 16. e3 Nce4 17. Nxe4 Nxe4 18. Bxg7 Qxg7 19. Rd4 Ng5 {1-0 (31) Campos Calvo,S (2024)-Sanz Uson,M (2070) Madrid 2018}) 14. Qc2 Rd8 15. Rad1 d5 16. cxd5 Nb4 17. Qc1 (17. Qb1 {is interesting.} Nfxd5 18. Nxd5 Nxd5 19. Bxd5 cxd5 20. Bxg7 Kxg7 21. e3) 17... Nbxd5 18. Nxd5 (18. Bxd5 {seems wilder.} cxd5 19. e3 Rc6 20. Qb1) 18... Nxd5 19. Bxg7 (19. Bxd5 {feels hotter.} cxd5 20. Bxg7 Kxg7 21. e3) 19... Qxg7 {[%emt 0:01:09] [#]} (19... Kxg7 $142 20. Bxd5 cxd5) 20. Rxd5 $1 cxd5 {[%emt 0:02:56] [#]} 21. Bxd5 $1 Rxd5 (21... Qe5 22. Bxe6+) 22. Qc8+ Qf8 23. Qxe6+ $16 {[%emt 0:00:09][%mdl 4096] Endgame KQR-KQR} Qf7 24. Qc8+ Kg7 25. Rc1 {[%emt 0:04:23] Threatens to win with Rc7.} Rd7 {[%emt 0:01:19] Against Rc7} 26. e3 {[%emt 0:03:21] White is more active.} Qd5 27. Qc3+ Kh6 28. Qb4 g5 29. h4 g4 $2 (29... gxh4 $16 {is a better chance.} 30. Qxh4+ Kg6) 30. Qf4+ $18 Kg6 31. Rc4 $2 (31. Rc8 $18 {has better winning chances.}) 31... Qd1+ $2 (31... Qf3 $16 32. Rd4 Qxf4 33. Rxf4 Rd2) 32. Kh2 {[%emt 0:02:17] White threatens Qg5+ and mate.} h6 {[%emt 0:00:05] Prevents Qg5+.} 33. h5+ {[%emt 0:00:21] Weighted Error Value: White=0.43/Black=0.58} 1-0

[Event "24th Hoogeschool Zeeland 2022"]
[Site "Vlissingen"]
[Date "2022.08.10"]
[Round "6.9"]
[White "De Jong, Tom"]
[Black "Pham, Khoi"]
[Result "1/2-1/2"]
[ECO "B51"]
[WhiteElo "2203"]
[BlackElo "2317"]
[Annotator "TA"]
[PlyCount "73"]
[EventDate "2022.08.05"]
[EventType "swiss"]
[EventCountry "NED"]
[SourceTitle "playchess.com"]
[Source "ChessBase"]
[SourceQuality "1"]
[TimeControl "40/5400+30:1800+30"]

1. e4 c5 2. Nf3 d6 3. Bb5+ Nd7 4. Ba4 Ngf6 5. O-O e6 6. Re1 {[%emt 0:08:08] B51: Sicilian: Moscow Variation (3 Bb5+) without 3...Bd7.} a6 {[%emt 0:00:46] White must now prevent ...b5.} 7. c3 b5 8. Bc2 c4 9. a4 Bb7 10. d4 cxd3 11. Qxd3 Nc5 12. Qe2 bxa4 13. e5 dxe5 14. Nxe5 Qd5 {[%emt 0:01:59][%csl Gb7][%cal Rd5g2] [#]} 15. Nf3 $146 {[%emt 0:07:15] Active counter play!} (15. f3 $11 Nb3 16. Bxb3 Qxb3 17. Na3) ({Predecessor:} 15. f3 Nb3 16. Kh1 Bd6 17. Bf4 Nxa1 18. Bxa4+ Kf8 19. Rd1 Qa2 20. Nd7+ Nxd7 21. Bxd6+ {½-½ (45) Vazquez,G (2527)-Swiercz,D (2649) Chess.com INT 2020}) 15... Be7 16. Be3 O-O 17. Nbd2 a5 18. Bd4 Rfe8 19. Qd1 Nfd7 {[%emt 0:04:38] Prevents Re5.} 20. Nf1 f6 (20... Red8 $15 {should be considered.}) 21. Rxa4 (21. Qb1 $11 {keeps the balance.}) 21... e5 (21... Nxa4 $17 22. Bb3 Nxb2 23. Bxd5 Nxd1 24. Bxb7 Nb2 $1 25. Rxe6 Bf8 $1 26. Bxa8 (26. Bd5 $2 Kh8 $19) 26... Rxa8) 22. Ne3 Qc6 (22... Qf7 $1 $11 23. Bxc5 Nxc5) 23. Bxc5 $16 Nxc5 {[%emt 0:00:08] [#]} 24. Rg4 ({Better is} 24. Nh4 $1 $16) 24... Rad8 {[%emt 0:17:03] [#]} 25. Qb1 e4 26. Nd4 Qc8 (26... Qc7 $16) 27. Qa2+ $18 Kh8 28. Qf7 ({Not} 28. Qxa5 g6 $11) 28... Bf8 {[%emt 0:01:00] [#]} 29. Nef5 $2 {[%emt 0:00:41] Pair of Knights!} (29. Rh4 $1 $18) 29... Rd7 (29... Bd5 $15 {might be stronger.} 30. Qa7 Bb7) 30. Qh5 $11 Re5 {[%emt 0:01:15][%cal Od7d4] Strongly threatening ...Rxd4!} 31. Re3 Rxf5 $2 32. Nxf5 $2 (32. Qxf5 $16 {Rh4 is the strong threat.} Rc7 33. Qh5) 32... Rd5 {[%emt 0:00:46] The position is equal.} 33. Qxh7+ Kxh7 34. Rh3+ Kg8 35. Nh6+ Kh7 36. Nf5+ Kg8 37. Nh6+ $1 {[%emt 0:00:23] Weighted Error Value: White=0.34/Black=0.32} 1/2-1/2